 Dungeon Crawl Stone Soup version 0.21.1-1-g345015f (webtiles) character file.

1385 solstalker the Cudgeler (level 8, -10/67 HPs)
             Began as a Minotaur Fighter on Apr 20, 2018.
             Killed from afar by a raiju (19 damage)
             ... with a living lightning
             ... on level 2 of the Abyss.
             The game lasted 00:36:33 (5308 turns).

solstalker the Cudgeler (Minotaur Fighter)          Turns: 5308, Time: 00:36:34

Health: -10/67     AC: 11    Str: 23    XL:     8   Next: 40%
Magic:  7/7        EV:  5    Int:  5    God:
Gold:   493        SH: 10    Dex: 10    Spells: 7/7 levels left

rFire    . . .     SeeInvis .   W - +4 flail (crush)
rCold    . . .     Gourm    .   c - +0 shield
rNeg     . . .     Faith    +   K - +0 plate armour
rPois    +         Spirit   .   (helmet restricted)
rElec    .         Reflect  .   j - +1 cloak
rCorr    .         Harm     .   h - +0 pair of gloves
MR       .....                  (no boots)
Stlth    ..........             V - amulet of faith
HPRegen  0.21/turn              X - -5 ring of protection (curse)
MPRegen  0.10/turn              C - ring of poison resistance

@: no status effects
A: retaliatory headbutt, horns 2
a: no special abilities


You were on level 2 of the Abyss.
You were not hungry.

You visited 1 branch of the dungeon, and saw 7 of its levels.
You visited the Abyss 1 time.

You collected 493 gold pieces.

Inventory:

Hand Weapons
 a - a +0 long sword
 e - a +2 hunting sling of freezing
 r - a cursed -1 dagger
 t - a +4 whip
 u - a +0 blowgun
 G - the cursed +1 dagger of Ynithed {antimagic, Str+3 Stlth+, unknown}
   (You found it on level 4 of the Dungeon)

   It reduces the magical energy of the wielder, and disrupts the spells and
   magical abilities of those hit.
   Natural abilities and divine invocations are not affected.
   It affects your strength (+3).
   It makes you more stealthy.
   It has a curse placed upon it.
 I - a +0 giant spiked club
 N - a cursed -2 dagger
 P - a +0 falchion
 Q - a -3 mace
 W - a +4 flail of crushing (weapon)
Missiles
 o - 46 poisoned needles
 p - 204 stones (quivered)
 M - 20 arrows
 O - 8 tomahawks
Armour
 b - a +0 scale mail
 c - a +0 shield (worn)
 h - a +0 pair of gloves (worn)
 i - a +0 chain mail
 j - a +1 cloak (worn)
 v - a +0 helmet
 w - a +0 ring mail
 x - a +0 ring mail
 z - a +0 helmet
 B - a +2 leather armour of magic resistance
 K - a +0 plate armour (worn)
Magical Staves
 m - an uncursed staff of earth {unknown}
Jewellery
 q - an uncursed ring of flight
 y - an uncursed amulet of rage
 C - a ring of poison resistance (right hand)
 E - an uncursed amulet of inaccuracy
 R - an uncursed ring of wizardry
 V - an amulet of faith (around neck)
 X - a cursed -5 ring of protection (left hand)
Scrolls
 F - 2 scrolls of teleportation
 L - a scroll of enchant armour
 U - a scroll of enchant weapon
 Y - a scroll of fear
Potions
 d - 3 potions of might
 g - a potion of haste
 k - a potion of degeneration
 s - 2 potions of flight
 A - a potion of cancellation
 H - a potion of lignification
 J - a potion of resistance {unknown}
Books
 D - a book of Misfortune

   Spells                             Type                      Level
   a - Confusing Touch                Hexes                        1
   b - Confuse                        Hexes                        3
   c - Gell's Gravitas                Translocation                3
   d - Petrify                        Transmutation/Earth          4
   e - Metabolic Englaciation         Hexes/Ice                    5
   f - Yara's Violent Unravelling     Hexes/Transmutation          5
 S - a book of Maledictions

   Spells                             Type                      Level
   a - Corona                         Hexes                        1
   b - Ensorcelled Hibernation        Hexes/Ice                    2
   c - Confuse                        Hexes                        3
   d - Tukima's Dance                 Hexes                        3
   e - Dazzling Spray                 Conjuration/Hexes            3
 T - a book of Minor Magic

   Spells                             Type                      Level
   a - Magic Dart                     Conjuration                  1
   b - Blink                          Translocation                2
   c - Call Imp                       Summoning                    2
   d - Slow                           Hexes                        2
   e - Conjure Flame                  Conjuration/Fire             3
   f - Mephitic Cloud                 Conjuration/Poison/Air       3
Comestibles
 f - 7 rations


   Skills:
 + Level 4.8 Fighting
 - Level 3.7 Long Blades
 * Level 7.0 Maces & Flails
 * Level 3.4 Throwing
 + Level 5.7 Armour
 + Level 1.9 Dodging
 - Level 2.2 Stealth
 + Level 6.2 Shields


You had 7 spell levels left.
You didn't know any spells.

Dungeon Overview and Level Annotations

Branches:
Dungeon (7/15)
 Temple: D:4-7

Altars:
Ashenzari
Dithmenos
Elyvilon
Fedhas
Gozag
Kikubaaqudgha
Qazlal
Ru


Innate Abilities, Weirdness & Mutations

You reflexively headbutt those who attack you in melee.
You have a pair of horns on your head.


Message History

The living lightning misses you.
The living lightning hits the raiju.
The raiju completely resists.
The raiju blinks!
You block the raiju's attack.
You sock the raiju!
The raiju is moderately wounded.
The raiju bites you but does no damage.
The raiju bursts into living lightning!
The living lightning hits you!
* * * LOW HITPOINT WARNING * * *
The living lightning hits the raiju.
The raiju completely resists.
The living lightning hits the raiju.
The raiju completely resists.
The raiju blinks!
There are monsters nearby!
You closely miss the raiju. Your headbutt misses the raiju.
You block the raiju's attack.
You closely miss the raiju. The raiju bites you but does no damage.
You sock the raiju!
The raiju is heavily wounded.
The raiju bursts into living lightning!
The living lightning hits you!
You die...

. #..
.?...##########
. .(.h.hh@..#.
. ..########.#.
##


You could see 3 raiju.

Vanquished Creatures
  A wizard (D:7)
  A black bear (D:6)
  2 ogres
  A centaur (D:6)
  A bullfrog (D:6)
  2 scorpions
  A crimson imp (D:6)
  A jelly (D:5)
  3 orc priests
  2 hounds
  5 orc wizards
  A centaur skeleton (D:4)
  Terence (D:3)
  5 worker ants
  A hound skeleton (D:4)
  5 adders
  A gnoll (D:1)
  2 howler monkey skeletons
  A shadow imp (D:5)
  An ooze (D:1)
  A worm (D:2)
  3 dart slugs
  2 leopard geckos
  22 orcs
  3 giant cockroaches
  5 goblins
  6 hobgoblins
  10 jackals
  A quokka (D:2)
  5 bats
  4 frilled lizards
  A giant cockroach zombie (D:5)
  4 kobolds
  5 rats
110 creatures vanquished.

Vanquished Creatures (others)
  A wizard (D:7)
  An iguana (D:7)
  A jackal (D:6)
3 creatures vanquished.

Grand Total: 113 creatures vanquished

Notes
Turn   | Place    | Note
-------+----------+-------------------------------------------
     0 | D:1      | solstalker the Minotaur Fighter began the quest for the Orb.
     0 | D:1      | Reached XP level 1. HP: 19/19 MP: 0/0
    39 | D:1      | Reached XP level 2. HP: 27/27 MP: 1/1
   332 | D:1      | Reached XP level 3. HP: 33/33 MP: 2/2
  1156 | D:2      | Reached XP level 4. HP: 40/40 MP: 3/3
  1194 | D:2      | Found a blossoming altar of Fedhas.
  2066 | D:3      | Found an ancient bone altar of Kikubaaqudgha.
  2114 | D:3      | Found a stormy altar of Qazlal.
  2500 | D:3      | Reached skill level 1 in Maces & Flails
  2504 | D:3      | Reached XP level 5. HP: 47/47 MP: 4/4
  2554 | D:3      | Noticed Terence
  2565 | D:3      | Killed Terence
  2565 | D:3      | Reached skill level 1 in Throwing
  2565 | D:3      | Reached skill level 1 in Dodging
  2575 | D:3      | Found a sacrificial altar of Ru.
  2709 | D:3      | Found a shattered altar of Ashenzari.
  2999 | D:4      | Reached skill level 2 in Maces & Flails
  3240 | D:4      | Found a shadowy altar of Dithmenos.
  3285 | D:4      | Noticed an ogre
  3294 | D:4      | Killed an ogre
  3294 | D:4      | Reached skill level 3 in Maces & Flails
  3294 | D:4      | Reached skill level 5 in Shields
  3294 | D:4      | Reached XP level 6. HP: 52/53 MP: 5/5
  3325 | D:4      | Got a crystal dagger
  3431 | D:4      | You fall through a shaft!
  3431 | D:5      | Entered Level 5 of the Dungeon
  3687 | D:5      | Reached skill level 4 in Maces & Flails
  3687 | D:5      | Reached skill level 1 in Stealth
  3883 | D:5      | Reached XP level 7. HP: 55/60 MP: 6/6
  4177 | D:6      | Reached skill level 5 in Armour
  4208 | D:6      | Reached skill level 5 in Maces & Flails
  4506 | D:6      | Found an opulent altar of Gozag.
  4579 | D:6      | Reached skill level 6 in Maces & Flails
  4579 | D:6      | Reached XP level 8. HP: 67/67 MP: 7/7
  4740 | D:6      | Found a white marble altar of Elyvilon.
  5171 | D:7      | Noticed a wizard
  5171 | D:7      | Noticed a wizard
  5173 | D:7      | Noticed a wizard
  5182 | D:7      | Killed a wizard
  5195 | D:7      | Paralysed by a wizard for 7 turns
  5202 | D:7      | Killed a wizard
  5211 | D:7      | Reached skill level 7 in Maces & Flails
  5223 | D:7      | Noticed a wizard
  5229 | D:7      | Cast into level 2 of the Abyss (a wizard)
  5292 | Abyss:2  | Noticed a raiju
  5295 | Abyss:2  | Noticed a raiju
  5297 | Abyss:2  | Noticed a raiju
  5308 | Abyss:2  | Killed from afar by a raiju

Skill      XL: |  1  2  3  4  5  6  7  8 |
---------------+-------------------------+-----
Armour         | 4 5 |  5.7
Long Blades    | 3 |  3.7
Fighting       | 4 |  4.8
Shields        | 4 5 6 |  6.2
Maces & Flails | 1 3 4 6 7 |  7.0
Throwing       | 1 2 3 |  3.4
Dodging        | 1 |  1.9
Stealth        | 1 2 |  2.2

Action                   |  1- 3 |  4- 6 |  7- 9 || total
-------------------------+-------+-------+-------++-------
Melee: Long sword        |    79 |     6 |       ||    85
       Headbutt          |    10 |    21 |    24 ||    55
       Whip              |       |   128 |   124 ||   252
       Flail             |       |       |    28 ||    28
Throw: Stone             |     6 |    27 |    33 ||    66
  Use: Scroll            |     2 |    14 |     7 ||    23
       Potion            |       |       |     8 ||     8
  Eat: Ration            |       |     3 |     1 ||     4
       Chunk             |       |       |     1 ||     1
Armor: Chain mail        |    45 |    29 |       ||    74
       Scale mail        |    10 |       |       ||    10
       Leather armour    |       |    10 |       ||    10
       Plate armour      |       |    14 |    61 ||    75
Dodge: Dodged            |    22 |    36 |    20 ||    78
Block: Shield            |    43 |    51 |    58 ||   152
       Rpst.: Long sword |     4 |       |       ||     4
